 Dungeon Crawl Stone Soup version 0.30-a0-465-g8901f6c8b5 (webtiles) character file.

Game seed: 16674055493525212835

91 cforsyth the Cudgeller (level 4, -1/39 HPs)
             Began as an Armataur Gladiator on Dec 18, 2022.
             Slain by a goblin
             ... wielding a +0 dagger
             ... led by Robin
              (2 damage)
             ... on level 2 of the Dungeon.
             The game lasted 00:02:14 (1492 turns).

cforsyth the Cudgeller (Armataur Gladiator)         Turns: 1492, Time: 00:02:15

Health: -1/39      AC:  5    Str: 18 (20) XL:     4   Next: 33%
Magic:  4/4        EV:  9    Int:  6 (10) God:
Gold:   132        SH:  0    Dex:  7 (11) Spells: 3/3 levels left

rFire   . . .      SeeInvis .    a - +0 flail
rCold   . . .      Faith    .    (no shield)
rNeg    . . .      Spirit   .    b - +0 leather armour
rPois   .          Reflect  .    c - +0 helmet
rElec   .          Harm     .    (no cloak)
rCorr   .          Roll     +    (no gloves)
Will    .....                    (no barding)
Stlth   +.........               (no amulet)
HPRegen 0.26/turn                (no ring)
MPRegen 0.09/turn                (no ring)

@: flying
A: large, rugged brown scales 3, deformed body, armoured tail, roll, long
tongue, awkward tongue
a: no special abilities


You were on level 2 of the Dungeon.
You visited 1 branch of the dungeon, and saw 3 of its levels.

You collected 132 gold pieces.

Inventory:

Hand Weapons
 a - a +0 flail (weapon)
Missiles
 d - 3 throwing nets (quivered)
 e - a javelin
Armour
 b - a +0 leather armour (worn)
 c - a +0 helmet (worn)
Wands
 n - a wand of paralysis (14)
Scrolls
 f - 3 scrolls of teleportation {unknown}
 g - 2 scrolls of enchant armour {unknown}
 h - 2 scrolls of identify {unknown}
 i - a scroll of brand weapon {unknown}
 m - a scroll of amnesia {unknown}


   Skills:
 + Level 2.8 Fighting
 + Level 3.4 Maces & Flails
 - Level 1.7 Throwing
 + Level 2.6 Armour
 - Level 2.1 Dodging


You had 3 spell levels left.
You didn't know any spells.
Your spell library contained the following spells:

 Spells                   Type           Power      Damage    Failure   Level
 Portal Projectile        Hex/Tloc       0%         N/A       87%         3
 Tukima's Dance           Hex            0%         N/A       87%         3
 Blade Hands              Tmut           0%         N/A       100%        5


Dungeon Overview and Level Annotations

Branches:
Dungeon (3/15)

Altars:

Annotations:
D:2 Robin
D:3 Natasha


Innate Abilities, Weirdness & Mutations

You are completely covered in rugged brown scales. (AC +3, +7% HP)
Armour fits poorly on your strangely shaped body.
You have a long armoured tail.
You roll when moving toward enemies. (Rampage)
Your long tongue fully drains potion bottles. (2x potion effects)
Your tongue gives you trouble enunciating. (1.5x scroll delay)


Message History

Unknown command.
You slurp down every last drop of the fizzy red potion!
It was a potion of degeneration.
There was something very wrong with that liquid.
You feel weakened.
You feel dopey.
You feel clumsy. The goblin hits you with a +0 dagger.
* * * LOW HITPOINT WARNING * * *
The goblin hits you but does no damage.
You slurp down every last drop of the lumpy golden potion!
It was a potion of curing.
You feel better. The goblin closely misses you. Robin throws the goblin at you!
The goblin closely misses you.
You hit the goblin.
The goblin is heavily wounded.
The goblin barely misses you. x2
You barely miss the goblin.
The goblin is heavily wounded.
The goblin hits you but does no damage. Robin hits you but does no damage.
The goblin hits you with a +0 dagger.
You closely miss the goblin.
Your tail-slap misses the goblin.
The goblin is heavily wounded.
The goblin hits you with a +0 dagger. Robin barely misses you.
The goblin barely misses you. The goblin hits you but does no damage.
Robin hits you with a +0 club.
* * * LOW HITPOINT WARNING * * *
The goblin hits you with a +0 dagger.
* * * LOW HITPOINT WARNING * * *
You closely miss the goblin.
The goblin is heavily wounded.
The goblin hits you with a +0 dagger.
* * * LOW HITPOINT WARNING * * *
Robin barely misses you. The goblin hits you with a +0 dagger.
* * * LOW HITPOINT WARNING * * *
You hit the goblin.
You kill the goblin!
Robin hits you but does no damage. The goblin hits you but does no damage.
The goblin barely misses you.
Things that are here:
a +0 dagger; a goblin corpse The goblin attacks as you move away!
The goblin hits you with a +0 dagger.
You die...

........................#
....####................#
........................#
...#####................#
....###................##
........##.....##.....##
...###.##########)#####
.........# ###g#
...####..# #.@g# ####
#### #.### # #.# # #.# #
#.# ### ##.# ..## #..#
#..# ##.## #### ###..#


You could see Robin and a goblin (strong).

Vanquished Creatures
  3 adders (D:2)
  A dart slug (D:2)
  5 bats
  6 endoplasms
  A giant cockroach (D:2)
  8 goblins
  7 hobgoblins
  7 kobolds
  2 quokkas (D:1)
  6 ball pythons
  5 frilled lizards
  5 rats
56 creatures vanquished.

Notes
Turn   | Place    | Note
-------+----------+-------------------------------------------
     0 | D:1      | cforsyth the Armataur Gladiator began the quest for the
                  | Orb.
     0 | D:1      | Reached XP level 1. HP: 18/18 MP: 1/1
    59 | D:1      | Reached skill level 1 in Armour
    59 | D:1      | Reached XP level 2. HP: 21/25 MP: 2/2
   186 | D:1      | Reached skill level 3 in Maces & Flails
   386 | D:1      | Found a faded altar of an unknown god.
   398 | D:1      | Reached XP level 3. HP: 26/32 MP: 3/3
  1078 | D:3      | Noticed Robin
  1266 | D:2      | Reached XP level 4. HP: 38/39 MP: 4/4
  1271 | D:3      | Noticed Natasha
  1489 | D:2      | HP: 1/39 [goblin/+0 dagger[Robin] (2)]
  1492 | D:2      | Slain by a goblin

Illustrated notes

Levels and vault maps discovered:
D:1:      spicycebolla_green_bress_n_ham_2, layout_basic,
          hellmonk_ecumenical_altar_heavens_door
D:2:      layout_rooms
D:3:      layout_rooms, dreamdust_divine_triumvirate, serial_shops,
          nicolae_shop_waterfront, minmay_cut_off, uniq_ijyb, uniq_natasha,
          uniq_robin

Skill      XL: |  1  2  3 |
---------------+----------+-----
Fighting       | 2 |  2.8
Armour         | 1 2 |  2.6
Maces & Flails | 3 |  3.4
Throwing       | |  1.7
Dodging        | |  2.1

Action                   |  1- 3 |  4- 6 || total
-------------------------+-------+-------++-------
Melee: Flail             |   109 |    18 ||   127
       Tailslap          |    17 |     1 ||    18
  Use: Potion            |       |     3 ||     3
Armor: Leather armour    |    54 |    32 ||    86
Dodge: Dodged            |    63 |    23 ||    86

Table legend: (Time is in decaauts)
 A = Elapsed time spent in this place.
 B = Non-inter-level travel time spent in this place.
 C = Inter-level travel time spent in this place.
 D = Time resting spent in this place.
 E = Time spent auto-exploring this place.
 F = Levels seen in this place.
 G = Mean time per level.
                   A        B        C        D        E       F      G
               +--------+--------+--------+--------+--------+-----+--------+
         Total |   1526 |   1490 |     36 |    310 |    831 |   3 |  508.7 |
       Dungeon |   1526 |   1490 |     36 |    310 |    831 |   3 |  508.7 |
               +--------+--------+--------+--------+--------+-----+--------+

Top non-repeatable levels by time:
     D:2: 821 daAuts
     D:1: 694 daAuts
     D:3: 9 daAuts
